Map: Catalyst LE

Players

soul - Winner!

  • Race: Terran Terran
  • Spawn Location: 5:00

HeroMarine

  • Race: Terran Terran
  • Spawn Location: 11:00

Event: WCS Austin 2018

VOD

Have the link to the VOD?

Description

Time

  • Played on: June 1, 2018, 10:53 p.m.
  • Length: 10:35

All games in this series

Show
View Real Time Build Order
Export as new Build Order

soul Terran - Winner!

Build Orders: Cyclone Opening, Bio Tank 

Get SALT Encoding   

  12  0:00  SCV  
  13  0:12  SCV  
  14  0:17  Supply Depot  
  14  0:25  SCV  
  15  0:28  Refinery  
  15  0:39  SCV  
  16  0:45  Barracks  
  16  0:52  SCV  
  17  1:04  SCV  
  18  1:16  SCV  
  20  1:32  Orbital Command, Reaper  
  20  1:44  Command Center  
  20  1:56  Factory  
  20  2:01  SCV  
  21  2:08  Refinery, Barracks Reactor  
  21  2:13  SCV  
  22  2:19  Supply Depot  
  22  2:25  SCV  
  23  2:41  SCV  
  24  2:47  Hellion, Cyclone  
  29  2:56  Orbital Command  
  29  2:58  SCV  
  31  3:08  Cyclone  
  33  3:16  SCV  
  33  3:19  Cyclone  
  37  3:20  Barracks Tech Lab  
  37  3:23  SCV  
  38  3:28  SCV  
  39  3:35  Supply Depot, SCV  
  39  3:40  SCV  
  40  3:46  Command Center  
  40  3:50  Supply Depot  
  38  4:01  SCV x2  
  40  4:09  Siege Tank  
  43  4:13  Bunker, SCV x2  
  43  4:15  Marine x2  
  47  4:25  SCV  
  47  4:26  Supply Depot, SCV  
  49  4:33  Marine x2  
  49  4:38  SCV x2  
  53  4:45  Supply Depot  
  53  4:47  Factory Tech Lab  
  53  4:50  SCV x2  
  55  4:56  Barracks  
  55  4:58  Starport, Barracks  
  55  5:00  Stimpack  
  55  5:02  SCV  
  55  5:03  Orbital Command  
  55  5:04  SCV  
  57  5:12  Refinery  
  57  5:13  Refinery  
  58  5:14  SCV, Siege Tank  
  58  5:17  SCV  
  62  5:24  Marine  
  62  5:26  SCV  
  62  5:27  Engineering Bay  
  64  5:28  Engineering Bay  
  64  5:29  SCV  
  65  5:36  Starport Reactor  
  65  5:38  SCV  
  65  5:39  Supply Depot  
  65  5:41  Marine  
  65  5:42  SCV  
  68  5:45  Barracks Reactor, Marine  
  68  5:46  Marine  
  68  5:49  Orbital Command  
  69  5:50  SCV  
  69  5:54  SCV  
  69  5:55  Terran Infantry Weapons Level 1, Terran Infantry Armor Level 1  
  71  5:59  Marine  
  71  6:01  Siege Tank  
  71  6:02  SCV  
  71  6:03  Marine x2  
  78  6:06  SCV  
  78  6:10  Barracks x2  
  79  6:13  Medivac x2  
  79  6:15  SCV x2  
  79  6:17  Marine  
  86  6:21  Marine x3  
  86  6:23  Marine  
  89  6:34  Siege Tank  
  89  6:35  Marine  
  89  6:39  Marine x3  
  96  6:41  Marine  
  96  6:43  SCV  
  98  6:51  Armory, Medivac  
  98  6:52  Refinery, Supply Depot  
  98  6:53  Marine  
  101  6:59  Refinery  
  101  7:03  Barracks Reactor  
  101  7:14  Marine x5, SCV x2  
  101  7:15  Combat Shields, Supply Depot x2, Sensor Tower  
  109  7:23  Medivac, SCV, Barracks Reactor  
  109  7:26  SCV x2  
  113  7:31  Marine x5  
  113  7:35  SCV  
  116  7:38  SCV  
  116  7:39  Supply Depot  
  116  7:40  Marine, Supply Depot, Siege Tank  
  116  7:41  Marine  
  116  7:44  Medivac  
  123  7:46  SCV  
  123  7:47  SCV  
  123  7:49  Marine x5  
  123  7:50  SCV  
  131  7:52  Terran Infantry Weapons Level 2  
  131  7:54  Terran Infantry Armor Level 2  
  131  7:58  Marine, SCV  
  133  8:00  Marine  
  134  8:05  Marine  
  134  8:06  Supply Depot, Marine  
  134  8:07  Marine x3  
  134  8:08  Terran Vehicle Weapons Level 1, Factory  
  134  8:12  Marine  
  140  8:14  Marine  
  141  8:22  SCV  
  141  8:23  SCV  
  140  8:28  Marine x5  
  140  8:29  Marine  
  140  8:30  SCV  
  140  8:32  Command Center  
  140  8:33  Marine  
  148  8:34  SCV  
  148  8:41  Marine x2  
  148  8:42  SCV x2  
  148  8:46  Marine x5  
  148  8:47  Marine  
  157  8:52  Supply Depot x2  
  157  8:53  Marine  
  157  8:55  Siege Tank  
  161  8:56  Factory Tech Lab  
  161  9:00  Marine  
  162  9:03  Marine  
  162  9:06  Marine x2  
  162  9:07  Liberator x2  
  162  9:08  Supply Depot  
  165  9:13  Marine x5  
  169  9:18  Marine  
  169  9:21  Marine  
  169  9:24  Marine x2  
  168  9:27  Siege Tank  
  168  9:30  SCV  
  168  9:31  Marine x5, SCV  
  180  9:36  Marine  
  187  9:39  Marine  
  187  9:42  Marine  
  187  9:43  Siege Tank  
  187  9:44  Planetary Fortress  
  192  9:46  SCV, Sensor Tower  
  192  9:48  Marine  
  194  9:53  Barracks  
  194  9:54  Marine x3  
  194  9:58  Marine x2  
  199  10:00  Marine  
  199  10:03  Marine  
  199  10:06  Marine  
  181  10:07  Marine  
  181  10:12  Marine x3  
  184  10:16  Marine x2  
  178  10:30  Barracks  
Show
View Real Time Build Order
Export as new Build Order

HeroMarine Terran 

Build Orders: Cyclone Opening, MMM Bio 

Get SALT Encoding   

  12  0:00  SCV  
  13  0:12  SCV  
  14  0:18  Supply Depot  
  14  0:24  SCV  
  15  0:29  Refinery  
  15  0:39  SCV  
  16  0:45  Barracks  
  16  0:51  SCV  
  16  0:56  Refinery  
  17  1:04  SCV  
  18  1:16  SCV  
  19  1:32  Orbital Command  
  19  1:34  Factory  
  19  1:35  Reaper  
  20  1:45  Supply Depot  
  20  1:57  SCV  
  21  2:08  Barracks Reactor  
  21  2:10  SCV  
  22  2:17  Cyclone  
  22  2:22  SCV  
  26  2:33  Command Center  
  26  2:35  SCV  
  27  2:40  Supply Depot  
  27  2:47  SCV  
  28  2:59  SCV  
  28  3:02  Cyclone x2  
  35  3:11  SCV  
  36  3:12  Supply Depot  
  36  3:24  SCV  
  36  3:26  Barracks Tech Lab  
  37  3:34  Cyclone  
  37  3:36  SCV  
  40  3:44  Marine  
  40  3:45  Stimpack  
  40  3:47  Orbital Command  
  40  3:48  SCV  
  42  4:00  SCV  
  46  4:12  Marauder, SCV  
  46  4:14  Barracks, SCV  
  46  4:16  Barracks  
  47  4:21  Bunker, Factory Tech Lab  
  47  4:24  SCV  
  47  4:26  SCV  
  49  4:33  Marauder  
  49  4:36  SCV  
  49  4:38  SCV  
  53  4:41  Starport  
  53  4:45  Factory Reactor  
  53  4:48  SCV  
  53  4:50  Supply Depot, SCV  
  57  5:00  SCV  
  57  5:02  SCV  
  57  5:03  Marine x2  
  61  5:10  Marine, Combat Shields  
  61  5:11  Marine  
  61  5:12  SCV  
  62  5:14  SCV  
  62  5:18  Engineering Bay  
  62  5:21  Marine x2  
  64  5:26  Supply Depot  
  64  5:27  Medivac x2  
  69  5:28  Marine  
  69  5:29  Supply Depot  
  70  5:47  Marine x2  
  70  5:48  Command Center, Marine  
  73  5:50  Supply Depot, SCV x2  
  73  5:54  Barracks Reactor  
  75  6:00  Engineering Bay, Terran Infantry Weapons Level 1  
  75  6:03  SCV  
  75  6:04  SCV  
  77  6:06  Refinery, Marine x2  
  77  6:07  Marine  
  77  6:08  Refinery  
  80  6:15  SCV  
  80  6:16  SCV  
  79  6:29  SCV x2  
  79  6:30  Marine x3  
  79  6:33  Siege Tank  
  79  6:34  Marine x2  
  79  6:37  Terran Infantry Armor Level 1  
  84  6:41  SCV x2  
  78  6:47  Medivac  
  78  6:48  Marine x3  
  78  6:51  Marine  
  78  6:53  SCV x2  
  86  6:56  Medivac  
  86  6:59  Marine  
  89  7:03  Orbital Command  
  89  7:05  Marine, SCV x2  
  89  7:06  Marine x2  
  89  7:08  Siege Tank  
  97  7:11  Supply Depot  
  97  7:16  Marine  
  97  7:17  Marine, SCV x2  
  101  7:23  Marine  
  101  7:29  SCV x2  
  104  7:30  SCV  
  104  7:31  Refinery x2  
  104  7:32  Marine  
  104  7:33  Marine  
  104  7:34  Marine  
  104  7:35  Marine  
  109  7:38  Medivac  
  109  7:40  Siege Tank  
  109  7:41  SCV  
  109  7:42  SCV x2  
  117  7:47  Barracks  
  117  7:48  Barracks  
  117  7:59  Armory, Supply Depot  
  117  8:00  Supply Depot  
  117  8:08  SCV  
  117  8:10  Supply Depot  
  117  8:11  Supply Depot  
  117  8:17  Factory  
  117  8:20  Marine x4, Siege Tank, SCV  
  117  8:21  SCV  
  117  8:22  Barracks Reactor  
  117  8:24  Command Center  
  126  8:36  SCV x2  
  126  8:37  SCV  
  126  8:38  Marine x4  
  132  8:41  Marine  
  132  8:42  Marine  
  134  8:54  Medivac  
  134  8:55  Medivac, Factory Tech Lab  
  138  8:56  Marine x4  
  138  8:59  Marine x2  
  140  9:03  Siege Tank  
  140  9:05  Marine x2  
  140  9:07  Command Center  
  144  9:14  Marine x3  
  147  9:23  Siege Tank  
  149  9:31  Liberator  
  149  9:43  Supply Depot  
  149  9:44  Supply Depot  
  149  9:45  Barracks Reactor x2  
  149  9:47  Supply Depot  
  149  9:48  Marine x2, Siege Tank  
  157  10:00  Marine x3  
  157  10:01  Marine  
  157  10:06  Marine x2  
Tags
 
Add a new tag
Caveats
  • Supply blocks, unpowered buildings, or Contaminate may cause inaccurate times.
  • Supply counts are checked every 10 seconds.